Map: [ESL] Crimson Court

Players

eGGz

  • Race: Zerg Zerg
  • Spawn Location: 7:00

Erik - Winner!

  • Race: Zerg Zerg
  • Spawn Location: 1:00

Event: ESL SC2 Masters 2024 Spring (Regional)

VOD

Have the link to the VOD?

Description

Time

  • Played on: April 18, 2024, 2:59 p.m.
  • Length: 4:20

All games in this series

Show
View Real Time Build Order
Export as new Build Order

eGGz Zerg 

Build Orders: Hatch First 

Get SALT Encoding   

  12  0:00  Drone  
  13  0:13  Overlord  
  13  0:17  Drone  
  14  0:32  Drone x2  
  16  0:37  Drone  
  17  0:59  Hatchery  
  17  1:02  Extractor  
  15  1:09  Spawning Pool  
  14  1:12  Drone  
  14  1:16  Drone  
  16  1:21  Drone  
  17  1:30  Drone  
  18  1:55  Overlord, Queen  
  18  1:57  Zergling x4  
  22  2:04  Spine Crawler  
  22  2:06  Baneling Nest  
  20  2:11  Zergling x2  
  20  2:27  Zergling x2  
  20  2:28  Zergling x4  
  19  2:38  Zergling x4  
  21  2:47  Zergling x2  
  22  2:54  Zergling x2  
  22  2:56  Baneling  
  23  3:05  Zergling x4  
  21  3:14  Zergling x4  
  22  3:23  Zergling x2  
  23  3:32  Baneling  
  23  3:33  Baneling  
  23  3:37  Zergling x4  
  25  3:48  Drone  
  24  3:58  Drone  
  24  4:02  Drone x2  
  22  4:08  Drone  
Show
View Real Time Build Order
Export as new Build Order

Erik Zerg - Winner!

Build Orders: Pool First 

Get SALT Encoding   

  12  0:12  Extractor  
  11  0:20  Spawning Pool  
  10  0:24  Drone  
  11  0:29  Drone  
  11  0:34  Drone  
  13  0:47  Overlord  
  13  1:07  Zergling x6  
  16  1:12  Metabolic Boost  
  16  1:19  Zergling x2  
  17  1:29  Zergling x2  
  18  1:40  Zergling x2  
  19  1:50  Hatchery  
  19  1:53  Zergling x2  
  19  2:02  Zergling x2  
  20  2:14  Zergling x2  
  20  2:25  Zergling x2  
  20  2:31  Queen  
  20  2:45  Overlord  
  20  2:49  Drone  
  21  2:54  Spine Crawler  
  20  3:03  Queen  
  20  3:05  Drone x2  
  19  3:17  Queen  
  20  3:23  Spine Crawler  
  19  3:32  Zergling x2  
  19  3:33  Zergling x2  
  21  3:34  Zergling x2  
  21  3:38  Zergling x2  
  23  3:46  Zergling x2  
  23  3:47  Zergling x2  
  25  4:02  Zergling x8  
Tags
 
Add a new tag
Caveats
  • Supply blocks, unpowered buildings, or Contaminate may cause inaccurate times.
  • Supply counts are checked every 10 seconds.